[Event "XIII Mediterranean Championship 2023"]
[Site "Castell-Platja d Aro"]
[Date "2023.11.05"]
[Round "2.19"]
[White "Vinas Racionero, Josep"]
[Black "Parramon Arimany, Marc"]
[Result "1-0"]
[ECO "B33"]
[WhiteElo "2075"]
[BlackElo "1834"]
[Annotator "NA RC"]
[PlyCount "97"]
[EventDate "2023.10.26"]
[EventType "swiss"]
[EventCountry "ESP"]
[SourceTitle "playchess.com"]
[Source "ChessBase"]
[SourceQuality "1"]
[TimeControl "5400+30"]

1. e4 c5 2. Nf3 Nc6 3. d4 cxd4 4. Nxd4 Nf6 5. Nc3 e5 6. Ndb5 d6 7. Bg5 a6 8. Na3 b5 9. Nd5 Qa5+ 10. Bd2 Qd8 11. Bg5 Qa5+ 12. c3 Nxe4 13. b4 Qxa3 14. Bxb5 axb5 15. Nc7+ Kd7 16. Nxb5 Nxg5 17. Nxa3 Rxa3 18. Qc1 Nf3+ 19. gxf3 Ra8 20. a4 Bb7 21. Rg1 g6 22. Qe3 Be7 23. Kf1 f5 24. Kg2 f4 25. Qd3 Rhb8 26. Rgb1 e4 27. fxe4 Ne5 28. Qh3+ Ke8 29. f3 g5 30. Qxh7 g4 31. fxg4 f3+ 32. Kg3 Rc8 33. Rb3 Rc4 34. Rd1 Bxe4 35. Qh5+ Bg6 36. Qh8+ Kf7 37. Qxa8 Rxg4+ 38. Kf2 Rg2+ 39. Kf1 Rxh2 40. Qd5+ Kg7 41. Kg1 Rg2+ 42. Kh1 Rg4 43. Rd4 f2 44. Qg2 f1=Q+ 45. Qxf1 Be4+ 46. Rxe4 Rxe4 47. Rb2 Bf6 48. Qg2+ Rg4 49. Qxg4+ 1-0

[Event "XIII Mediterranean Championship 2023"]
[Site "Castell-Platja d Aro"]
[Date "2023.11.05"]
[Round "2.20"]
[White "Vinals Rioja, Jaume"]
[Black "Mateu Guiu, Esteve"]
[Result "1-0"]
[ECO "D04"]
[WhiteElo "1838"]
[BlackElo "2075"]
[Annotator "NA RC"]
[PlyCount "107"]
[EventDate "2023.10.26"]
[EventType "swiss"]
[EventCountry "ESP"]
[SourceTitle "playchess.com"]
[Source "ChessBase"]
[SourceQuality "1"]
[TimeControl "5400+30"]

1. Nf3 Nf6 2. d4 g6 3. Nbd2 d5 4. e3 Bg7 5. Bd3 O-O 6. O-O c5 7. c3 Nbd7 8. Qe2 Re8 9. Ne5 Nxe5 10. dxe5 Ng4 11. f4 f6 12. h3 Nh6 13. Nf3 Nf7 14. e4 e6 15. exf6 Bxf6 16. e5 Bg7 17. Be3 Qc7 18. Qf2 b6 19. Rad1 a5 20. Qe2 Bd7 21. Nh4 Bc6 22. Qg4 Nh6 23. Qg3 Ra7 24. Qf2 Nf7 25. Nf3 Qd7 26. Qe2 Bf8 27. Nh2 Nh6 28. Ng4 Nxg4 29. Qxg4 Qg7 30. Bf2 c4 31. Bc2 Bc5 32. Kh2 Rb7 33. Bh4 Be7 34. Qxe6+ Qf7 35. Qxc6 Bxh4 36. Qxd5 Qxd5 37. Rxd5 Be7 38. Be4 Rc7 39. Rfd1 Kf7 40. g4 Bc5 41. Kg3 h6 42. Rd7+ Re7 43. Bd5+ Ke8 44. Rxc7 Rxc7 45. Bxc4 g5 46. Bb5+ Ke7 47. f5 Be3 48. Kf3 Bf4 49. Ke4 Rc5 50. Rd5 Rc7 51. f6+ Ke6 52. Rd6+ Kf7 53. Rd7+ Rxd7 54. Bxd7 1-0

[Event "XIII Mediterranean Championship 2023"]
[Site "Castell-Platja d Aro"]
[Date "2023.11.05"]
[Round "2.21"]
[White "Pham Guerrero, Sergi"]
[Black "Hernando Rodrigo, Inmaculada"]
[Result "1-0"]
[ECO "B23"]
[WhiteElo "2072"]
[BlackElo "1734"]
[Annotator "NA RC"]
[PlyCount "107"]
[EventDate "2023.10.26"]
[EventType "swiss"]
[EventCountry "ESP"]
[SourceTitle "playchess.com"]
[Source "ChessBase"]
[SourceQuality "1"]
[TimeControl "5400+30"]

1. e4 c5 2. Nc3 d6 3. f4 Nc6 4. Nf3 e6 5. a4 Be7 6. Bb5 Bd7 7. d3 Nf6 8. O-O Nd4 9. e5 Ng8 10. Nxd4 cxd4 11. Ne4 d5 12. Ng3 Bxb5 13. axb5 Nh6 14. Nh5 Nf5 15. g4 Ne3 16. Bxe3 dxe3 17. Nxg7+ Kf8 18. Nh5 Bh4 19. Ng3 Qb6 20. Qf3 Bxg3 21. hxg3 Ke7 22. Rae1 Rag8 23. c4 d4 24. b4 h6 25. Kg2 Rh7 26. f5 exf5 27. gxf5 Rg5 28. Qe4 f6 29. exf6+ Kxf6 30. c5 Qd8 31. Qe6+ Kg7 32. Rf4 Kf8 33. Rh1 Rhg7 34. Rh3 Qc7 35. Rf3 h5 36. Qf6+ Ke8 37. Qxd4 e2 38. Kf2 Re7 39. Rh1 Qe5 40. Qxe5 Rxe5 41. Re1 Rgxf5 42. Rxe2 Rxe2+ 43. Kxe2 Rd5 44. Ke3 b6 45. Ke4 Rg5 46. d4 Ke7 47. Rf5 Rxg3 48. Rxh5 Rb3 49. Kd5 bxc5 50. bxc5 Rxb5 51. Rh7+ Kd8 52. Rxa7 Rb1 53. Kc6 Rh1 54. d5 1-0

[Event "XIII Mediterranean Championship 2023"]
[Site "Castell-Platja d Aro"]
[Date "2023.11.05"]
[Round "2.22"]
[White "Diaz Comas, Jordi"]
[Black "Garcia Paolicchi, Raul"]
[Result "0-1"]
[ECO "C41"]
[WhiteElo "1837"]
[BlackElo "2051"]
[Annotator "NA RC"]
[PlyCount "77"]
[EventDate "2023.10.26"]
[EventType "swiss"]
[EventCountry "ESP"]
[SourceTitle "playchess.com"]
[Source "ChessBase"]
[SourceQuality "1"]
[TimeControl "5400+30"]

1. e4 d6 2. d4 Nf6 3. Nc3 e5 4. Nf3 Nbd7 5. Bc4 Be7 6. O-O O-O 7. Re1 c6 8. a3 h6 9. h3 Re8 10. Be3 exd4 11. Bxd4 Bf8 12. Nd2 b5 13. Ba2 Qc7 14. f4 d5 15. e5 Nh7 16. Qf3 Nc5 17. Kh1 Ne6 18. Bf2 f5 19. Nf1 Bb7 20. Ng3 g6 21. Nge2 Bg7 22. Rad1 Nhf8 23. Nc1 Kh7 24. Kh2 a5 25. Nd3 d4 26. Nb1 c5 27. Bd5 Bxd5 28. Qxd5 c4 29. Nc1 Nxf4 30. Qxb5 Rab8 31. Qa4 Bxe5 32. Rxe5 Qxe5 33. Bxd4 Qb5 34. Qxb5 Rxb5 35. Nc3 Rb7 36. g3 N4e6 37. Nd5 Rd8 38. Nf6+ Kh8 39. Nh5+ 0-1

[Event "XIII Mediterranean Championship 2023"]
[Site "Castell-Platja d Aro"]
[Date "2023.11.05"]
[Round "2.23"]
[White "Menac Comas, Joan Ramon"]
[Black "Leon Escoda, Manel"]
[Result "1-0"]
[ECO "B91"]
[WhiteElo "2044"]
[BlackElo "1682"]
[Annotator "NA RC"]
[PlyCount "63"]
[EventDate "2023.10.26"]
[EventType "swiss"]
[EventCountry "ESP"]
[SourceTitle "playchess.com"]
[Source "ChessBase"]
[SourceQuality "1"]
[TimeControl "5400+30"]

1. e4 c5 2. Nf3 d6 3. d4 cxd4 4. Nxd4 Nf6 5. Nc3 a6 6. g3 e5 7. Nde2 Be7 8. Bg2 O-O 9. O-O Be6 10. a4 Nc6 11. h3 Rc8 12. g4 Bc4 13. b3 Be6 14. Bb2 Nb4 15. f4 Qb6+ 16. Kh1 Bxg4 17. hxg4 Nxg4 18. Ng3 Nf2+ 19. Rxf2 Qxf2 20. Nf5 Bf6 21. Qxd6 Nxc2 22. Nd5 Ne1 23. Rxe1 Qxe1+ 24. Kh2 Bh4 25. Qxe5 f6 26. Qe7 Rf7 27. Qe6 Rcf8 28. Bc3 Qf2 29. Bb4 g6 30. Nh6+ Kh8 31. Nxf7+ Rxf7 32. Qxf7 1-0

[Event "XIII Mediterranean Championship 2023"]
[Site "Castell-Platja d Aro"]
[Date "2023.11.05"]
[Round "2.24"]
[White "Garcia Rodriguez, Laia"]
[Black "Jimenez Fernandez, Rebeca"]
[Result "0-1"]
[ECO "B26"]
[WhiteElo "1811"]
[BlackElo "2053"]
[Annotator "NA RC"]
[PlyCount "96"]
[EventDate "2023.10.26"]
[EventType "swiss"]
[EventCountry "ESP"]
[SourceTitle "playchess.com"]
[Source "ChessBase"]
[SourceQuality "1"]
[TimeControl "5400+30"]

1. e4 c5 2. Nc3 Nc6 3. g3 g6 4. Bg2 Bg7 5. d3 d6 6. Be3 Rb8 7. Qd2 b5 8. Nge2 Nd4 9. Nc1 Bg4 10. Bxd4 Bxd4 11. h3 Bd7 12. O-O b4 13. Nd1 Bg7 14. Ne2 Nf6 15. f4 O-O 16. Kh2 a5 17. Ne3 a4 18. c3 Qc7 19. g4 a3 20. bxa3 bxc3 21. Nxc3 Qa5 22. Rac1 Qxa3 23. Nc4 Qa7 24. Rb1 Be6 25. Nb5 Qa4 26. Nc3 Qa6 27. Nd5 Nxd5 28. exd5 Bd7 29. Rfe1 Bf6 30. g5 Rxb1 31. Rxb1 Bd4 32. Rb6 Qa7 33. Qc2 Rb8 34. Rb3 Kg7 35. Qb1 Rxb3 36. Qxb3 Bc8 37. a3 Qd7 38. Qc2 Qf5 39. Qd2 h6 40. gxh6+ Kxh6 41. Nb6 Ba6 42. Be4 Qh5 43. Nc4 Kg7 44. Ne3 Bb7 45. Nc2 Bf6 46. Qg2 Qd1 47. Ne3 Qa1 48. f5 Be5+ 0-1

[Event "XIII Mediterranean Championship 2023"]
[Site "Castell-Platja d Aro"]
[Date "2023.11.05"]
[Round "2.25"]
[White "De Lussac, Estephe"]
[Black "Teixidor Banus, Josep Maria"]
[Result "1-0"]
[ECO "B06"]
[WhiteElo "2013"]
[BlackElo "1669"]
[Annotator "NA RC"]
[PlyCount "43"]
[EventDate "2023.10.26"]
[EventType "swiss"]
[EventCountry "ESP"]
[SourceTitle "playchess.com"]
[Source "ChessBase"]
[SourceQuality "1"]
[TimeControl "5400+30"]

1. e4 g6 2. d4 d6 3. Nc3 Bg7 4. Be3 e6 5. Qd2 h6 6. O-O-O Ne7 7. f4 Nd7 8. Nf3 a6 9. Bd3 b5 10. Rhe1 Bb7 11. f5 c5 12. fxe6 fxe6 13. a3 c4 14. Bf1 Qa5 15. Bf4 Qb6 16. Kb1 b4 17. axb4 Qxb4 18. Nd5 Qxd2 19. Nc7+ Kf7 20. Rxd2 Rab8 21. Bxd6 c3 22. Rf2 1-0

[Event "XIII Mediterranean Championship 2023"]
[Site "Castell-Platja d Aro"]
[Date "2023.11.05"]
[Round "2.26"]
[White "Lunin Bohomolets, Iliia"]
[Black "Makka, Evanthia"]
[Result "0-1"]
[ECO "A07"]
[WhiteElo "1850"]
[BlackElo "2004"]
[Annotator "NA RC"]
[PlyCount "132"]
[EventDate "2023.10.26"]
[EventType "swiss"]
[EventCountry "ESP"]
[SourceTitle "playchess.com"]
[Source "ChessBase"]
[SourceQuality "1"]
[TimeControl "5400+30"]

1. Nf3 d5 2. g3 Nf6 3. Bg2 g6 4. O-O Bg7 5. d3 O-O 6. Nbd2 c6 7. e4 dxe4 8. dxe4 Bg4 9. h3 Be6 10. Ng5 Bc8 11. Qe2 h6 12. Ngf3 Be6 13. Nb3 Qc8 14. Kh2 c5 15. Rd1 Nfd7 16. c3 Nc6 17. Be3 b6 18. Nfd2 Qc7 19. f4 Rad8 20. Qf3 Ndb8 21. g4 a5 22. Kh1 a4 23. Nc1 Bc8 24. a3 Na5 25. Re1 Nbc6 26. Bf1 Na7 27. Bd3 Bb7 28. h4 Bc6 29. h5 Qb7 30. Bc2 gxh5 31. g5 hxg5 32. Qxh5 gxf4 33. Bxf4 f5 34. Rg1 Rf7 35. Kh2 fxe4 36. Be5 Rxd2+ 37. Ne2 Rxc2 38. Rxg7+ Rxg7 39. Bxg7 Rxe2+ 40. Qxe2 Qc7+ 41. Kh3 Qd7+ 42. Kh4 Qf5 43. Bh6 Qf6+ 44. Bg5 Qf3 45. Qh2 Be8 46. Rg1 Qh5+ 47. Kg3 Qxh2+ 48. Kxh2 Kf7 49. Kg3 Nc4 50. Rh1 Nc6 51. Rh4 Nd6 52. Kf2 Ke6 53. Be3 Ne5 54. Rh6+ Kd7 55. Rh4 Nd3+ 56. Ke2 Nxb2 57. Bf4 Bg6 58. Bxd6 exd6 59. Rh6 Bf5 60. Rf6 Be6 61. Ke3 d5 62. Rh6 Nc4+ 63. Kf4 Nxa3 64. Ke5 Nc4+ 65. Kf6 e3 66. Rh7+ Kd6 0-1

[Event "XIII Mediterranean Championship 2023"]
[Site "Castell-Platja d Aro"]
[Date "2023.11.05"]
[Round "2.27"]
[White "Clot Chico, Arnau"]
[Black "Vidal Traves, Marti"]
[Result "1-0"]
[ECO "A01"]
[WhiteElo "2008"]
[BlackElo "1631"]
[Annotator "NA RC"]
[PlyCount "70"]
[EventDate "2023.10.26"]
[EventType "swiss"]
[EventCountry "ESP"]
[SourceTitle "playchess.com"]
[Source "ChessBase"]
[SourceQuality "1"]
[TimeControl "5400+30"]

1. b3 d5 2. Bb2 c5 3. e3 Nc6 4. Bb5 Qc7 5. f4 Nf6 6. Nf3 a6 7. Bxc6+ Qxc6 8. Ne5 Qc7 9. O-O b6 10. d3 Bb7 11. Nd2 e6 12. Ndf3 h6 13. Qe1 Be7 14. Qg3 Rg8 15. Qh3 g5 16. fxg5 hxg5 17. Qh6 d4 18. exd4 O-O-O 19. Nxf7 Rdf8 20. N3e5 Rxf7 21. Nxf7 Qc6 22. Rf3 g4 23. Rg3 Qe8 24. Qxf6 Bxf6 25. Nd6+ Kd7 26. Nxe8 Kxe8 27. h3 Ke7 28. Rxg4 Rd8 29. Rf1 cxd4 30. Rxf6 Kxf6 31. Bxd4+ Kf5 32. Bxb6 Rc8 33. c4 Rc6 34. Be3 Rd6 35. Rf4+ Ke5 1-0

[Event "XIII Mediterranean Championship 2023"]
[Site "Castell-Platja d Aro"]
[Date "2023.11.05"]
[Round "2.28"]
[White "Giro Castellet, Esteve"]
[Black "Alonso Gimenez, Mauro"]
[Result "0-1"]
[ECO "A51"]
[WhiteElo "1633"]
[BlackElo "1978"]
[Annotator "NA RC"]
[PlyCount "84"]
[EventDate "2023.10.26"]
[EventType "swiss"]
[EventCountry "ESP"]
[SourceTitle "playchess.com"]
[Source "ChessBase"]
[SourceQuality "1"]
[TimeControl "5400+30"]

1. d4 Nf6 2. c4 e5 3. dxe5 Ne4 4. Nf3 Nc6 5. Qd5 Nc5 6. a3 d6 7. Bf4 Be6 8. Qd1 dxe5 9. Qxd8+ Rxd8 10. Bxe5 Nb3 11. Ra2 Nxe5 12. Nxe5 f6 13. Nf3 Bxc4 14. e3 Bf7 15. Nc3 Be7 16. Be2 O-O 17. Bd1 Nc1 18. Ra1 Nd3+ 19. Kf1 Nxb2 20. Be2 Nc4 21. g3 a6 22. Kg2 b5 23. Nd4 Bc5 24. Rhd1 Rd6 25. Bf3 Bxd4 26. Rxd4 Rxd4 27. exd4 Rd8 28. d5 Nd2 29. Bg4 Kf8 30. Be6 Bxe6 31. dxe6 Ke7 32. Ne2 Kxe6 33. Nf4+ Kf7 34. Rd1 c5 35. Ne2 c4 36. f4 a5 37. Nc3 b4 38. axb4 axb4 39. Nb1 c3 40. Nxc3 bxc3 41. Rc1 Rc8 42. Kf2 c2 0-1

[Event "XIII Mediterranean Championship 2023"]
[Site "Castell-Platja d Aro"]
[Date "2023.11.05"]
[Round "2.30"]
[White "Makka, Ioulia"]
[Black "Delbos, Jean-Louis"]
[Result "1-0"]
[ECO "C63"]
[WhiteElo "1900"]
[BlackElo "1573"]
[Annotator "NA RC"]
[PlyCount "23"]
[EventDate "2023.10.26"]
[EventType "swiss"]
[EventCountry "ESP"]
[SourceTitle "playchess.com"]
[Source "ChessBase"]
[SourceQuality "1"]
[TimeControl "5400+30"]

1. e4 e5 2. Nf3 Nc6 3. Bb5 f5 4. d3 Nf6 5. Qe2 Nd4 6. Nxd4 exd4 7. e5 Nd5 8. O-O Be7 9. Bc4 Nb6 10. Bb3 a5 11. a4 Bg5 12. Qh5+ 1-0

[Event "XIII Mediterranean Championship 2023"]
[Site "Castell-Platja d Aro"]
[Date "2023.11.05"]
[Round "2.31"]
[White "Vinolas Anglada, Laura"]
[Black "Burset Camps, Guillem"]
[Result "1-0"]
[ECO "C10"]
[WhiteElo "1884"]
[BlackElo "1408"]
[Annotator "NA RC"]
[PlyCount "63"]
[EventDate "2023.10.26"]
[EventType "swiss"]
[EventCountry "ESP"]
[SourceTitle "playchess.com"]
[Source "ChessBase"]
[SourceQuality "1"]
[TimeControl "5400+30"]

1. e4 e6 2. d4 d5 3. Nc3 c5 4. exd5 exd5 5. Nf3 Be6 6. Bf4 c4 7. Be2 Nf6 8. O-O Bd6 9. Bxd6 Qxd6 10. b3 O-O 11. Qd2 Nbd7 12. Rfd1 cxb3 13. axb3 a6 14. h3 Rac8 15. Bd3 Qb4 16. Ne2 Qxd2 17. Nxd2 Nb6 18. Rdc1 Rc7 19. Nf1 Nc8 20. Ne3 Nd6 21. Ra5 Rfc8 22. Nf4 Rc3 23. Rd1 R3c6 24. Nfxd5 Nxd5 25. Nxd5 Kf8 26. Ne3 Bd7 27. c4 Ne8 28. Be4 Rb6 29. Rb1 Rb4 30. Nd5 Rcxc4 31. bxc4 Rxb1+ 32. Bxb1 1-0

[Event "XIII Mediterranean Championship 2023"]
[Site "Castell-Platja d Aro"]
[Date "2023.11.05"]
[Round "2.32"]
[White "Hernando Rodrigo, Lourdes"]
[Black "Canigueral Salvado, Jaume"]
[Result "0-1"]
[ECO "D02"]
[WhiteElo "1625"]
[BlackElo "1853"]
[Annotator "NA RC"]
[PlyCount "66"]
[EventDate "2023.10.26"]
[EventType "swiss"]
[EventCountry "ESP"]
[SourceTitle "playchess.com"]
[Source "ChessBase"]
[SourceQuality "1"]
[TimeControl "5400+30"]

1. d4 d5 2. Bf4 e6 3. e3 Nf6 4. Nf3 a6 5. Bd3 c5 6. c3 Nc6 7. Nbd2 Be7 8. a4 h6 9. Ne5 Bd6 10. Nxc6 bxc6 11. Bg3 cxd4 12. exd4 c5 13. dxc5 Bxc5 14. Be5 Bd6 15. Nf3 Bxe5 16. Nxe5 Qb6 17. Qe2 Bb7 18. O-O O-O 19. Rfe1 Qc7 20. c4 dxc4 21. Nxc4 Rfd8 22. Rac1 Qc6 23. f3 Qxa4 24. Kh1 Qb4 25. Ne5 Rac8 26. Bb1 Rxc1 27. Rxc1 Rd2 28. Qe3 Qxb2 29. Rg1 Bd5 30. Qc5 g6 31. Qe7 Qxe5 32. Qd8+ Kg7 33. Qe7 Re2 0-1

[Event "XIII Mediterranean Championship 2023"]
[Site "Castell-Platja d Aro"]
[Date "2023.11.05"]
[Round "3.1"]
[White "Ayats Llobera, Gerard"]
[Black "Gines Esteo, Pedro Antonio"]
[Result "1/2-1/2"]
[ECO "B19"]
[WhiteElo "2442"]
[BlackElo "2490"]
[Annotator "RC"]
[PlyCount "25"]
[EventDate "2023.10.26"]
[EventType "swiss"]
[EventCountry "ESP"]
[SourceTitle "playchess.com"]
[Source "ChessBase"]
[SourceQuality "1"]
[TimeControl "5400+30"]

1. e4 c6 2. d4 d5 3. Nc3 dxe4 4. Nxe4 Bf5 5. Ng3 Bg6 6. h4 h6 7. Nf3 Nd7 8. h5 Bh7 9. Bd3 Bxd3 10. Qxd3 e6 11. Bd2 Ngf6 12. O-O-O Qc7 13. Ne4 1/2-1/2

[Event "XIII Mediterranean Championship 2023"]
[Site "Castell-Platja d Aro"]
[Date "2023.11.05"]
[Round "3.2"]
[White "Garriga Cazorla, Pere"]
[Black "Gilevych, Artem"]
[Result "1-0"]
[ECO "D41"]
[WhiteElo "2459"]
[BlackElo "2416"]
[Annotator "RC"]
[PlyCount "81"]
[EventDate "2023.10.26"]
[EventType "swiss"]
[EventCountry "ESP"]
[SourceTitle "playchess.com"]
[Source "ChessBase"]
[SourceQuality "1"]
[TimeControl "5400+30"]

1. Nf3 d5 2. c4 e6 3. d4 Nf6 4. Nc3 c5 5. cxd5 cxd4 6. Qa4+ Bd7 7. Qxd4 exd5 8. Bg5 Nc6 9. Qd3 Be6 10. e3 h6 11. Bh4 g5 12. Bg3 Bg7 13. Be2 Ne4 14. Rd1 O-O 15. O-O Nxg3 16. hxg3 g4 17. Nh4 Qg5 18. Nxd5 Rad8 19. e4 Nb4 20. Qb3 Nxd5 21. exd5 Bxd5 22. Bc4 Be4 23. Rfe1 Rxd1 24. Rxd1 Kh8 25. Kh2 Be5 26. Kg1 Qf6 27. Bd5 Bh7 28. Qc4 Bxb2 29. Be4 Bxe4 30. Qxe4 Rd8 31. Rxd8+ Qxd8 32. Qxg4 Bf6 33. Nf5 Kh7 34. Qh5 Qf8 35. Kh2 Bg7 36. Qg4 b6 37. Qe4 Kg8 38. Qb7 Bf6 39. Qxa7 Qc5 40. Nxh6+ Kh8 41. Qxf7 1-0

[Event "XIII Mediterranean Championship 2023"]
[Site "Castell-Platja d Aro"]
[Date "2023.11.05"]
[Round "3.3"]
[White "Alexakis, Dimitris"]
[Black "Trepat Herranz, Joan"]
[Result "0-1"]
[ECO "C95"]
[WhiteElo "2458"]
[BlackElo "2385"]
[Annotator "RC"]
[PlyCount "116"]
[EventDate "2023.10.26"]
[EventType "swiss"]
[EventCountry "ESP"]
[SourceTitle "playchess.com"]
[Source "ChessBase"]
[SourceQuality "1"]
[TimeControl "5400+30"]

1. e4 e5 2. Nf3 Nc6 3. Bb5 a6 4. Ba4 Nf6 5. O-O Be7 6. Re1 b5 7. Bb3 d6 8. c3 O-O 9. h3 Nb8 10. d4 Nbd7 11. Nbd2 Bb7 12. Bc2 Re8 13. Nf1 Bf8 14. Ng3 g6 15. b3 Nb6 16. Rb1 a5 17. Bd3 b4 18. Bd2 Nfd7 19. Qc2 exd4 20. cxd4 c5 21. Bb5 cxd4 22. Bg5 Qc8 23. Qd2 Bc6 24. Bxc6 Qxc6 25. Rbc1 Nc5 26. Nxd4 Qb7 27. f3 Ne6 28. Nxe6 Rxe6 29. Ne2 Ree8 30. Kh1 d5 31. Qf4 dxe4 32. Ng3 exf3 33. Ne4 fxg2+ 34. Kh2 Nd5 35. Qf3 g1=Q+ 36. Kxg1 Qb6+ 37. Kh1 f5 38. Ng3 Nc3 39. h4 Qb5 40. Rxe8 Rxe8 41. h5 Re6 42. Rc2 Qc6 43. Kg2 Kf7 44. Bd8 Qxf3+ 45. Kxf3 Rd6 46. Bc7 Rd3+ 47. Kg2 Bd6 48. Bxd6 Rxd6 49. a3 Rd3 50. axb4 axb4 51. Nf1 Kf6 52. Rc1 Rd1 53. Rxd1 Nxd1 54. Kf3 Ke5 55. Ke2 Nc3+ 56. Kd3 g5 57. Kc4 Na2 58. Ne3 g4 0-1

[Event "XIII Mediterranean Championship 2023"]
[Site "Castell-Platja d Aro"]
[Date "2023.11.05"]
[Round "3.4"]
[White "Lazaro Pujol, Abel"]
[Black "Eugene, Floryan"]
[Result "0-1"]
[ECO "C54"]
[WhiteElo "2289"]
[BlackElo "2426"]
[Annotator "RC"]
[PlyCount "88"]
[EventDate "2023.10.26"]
[EventType "swiss"]
[EventCountry "ESP"]
[SourceTitle "playchess.com"]
[Source "ChessBase"]
[SourceQuality "1"]
[TimeControl "5400+30"]

1. e4 e5 2. Nf3 Nc6 3. Bc4 Nf6 4. d3 Bc5 5. O-O d6 6. c3 a5 7. Re1 Ba7 8. Bb3 O-O 9. h3 Be6 10. Bc2 h6 11. d4 exd4 12. cxd4 d5 13. e5 Ne4 14. Nc3 f5 15. exf6 Qxf6 16. Nxd5 Bxd5 17. Bxe4 Rad8 18. Bxd5+ Rxd5 19. Qb3 Qd6 20. Re4 Kh8 21. Bf4 Qd7 22. Qxb7 Nxd4 23. Qxa7 Nxf3+ 24. gxf3 Qxh3 25. Re5 Rd6 26. Bg3 Rg6 27. Re2 Rf4 28. Qa8+ Kh7 29. Qd5 Rh4 30. f4 Qh2+ 31. Kf1 Qh1+ 32. Qxh1 Rxh1+ 33. Kg2 Rxa1 34. b3 Rf6 35. Rc2 c6 36. Kf3 Kg8 37. Ke4 Kf7 38. f5 Re1+ 39. Kd3 Rxf5 40. Rxc6 Rd5+ 41. Kc4 Rd2 42. Rc7+ Re7 43. Rxe7+ Kxe7 44. a4 Kd7 0-1

[Event "XIII Mediterranean Championship 2023"]
[Site "Castell-Platja d Aro"]
[Date "2023.11.05"]
[Round "3.5"]
[White "Alsina Leal, Daniel"]
[Black "Rodriguez Redondo, Adhara"]
[Result "1-0"]
[ECO "E05"]
[WhiteElo "2531"]
[BlackElo "2117"]
[Annotator "RC"]
[PlyCount "113"]
[EventDate "2023.10.26"]
[EventType "swiss"]
[EventCountry "ESP"]
[SourceTitle "playchess.com"]
[Source "ChessBase"]
[SourceQuality "1"]
[TimeControl "5400+30"]

1. Nf3 d5 2. g3 Nf6 3. Bg2 e6 4. O-O Be7 5. d4 O-O 6. c4 dxc4 7. Qc2 a6 8. a4 Bd7 9. Qxc4 Bc6 10. Bg5 Bd5 11. Qc2 Be4 12. Qc1 h6 13. Bxf6 Bxf6 14. Nbd2 Bxf3 15. Bxf3 c6 16. e3 a5 17. h4 Na6 18. h5 Nb4 19. Nc4 Qc7 20. Rd1 Rfd8 21. Qb1 c5 22. dxc5 Qxc5 23. Qe4 Rd5 24. Rab1 Rad8 25. Qg4 Rxd1+ 26. Rxd1 Nd5 27. Qe4 Be7 28. b3 Qb4 29. Qc2 b5 30. axb5 Qxb5 31. Rd3 Rc8 32. Bxd5 exd5 33. Nd6 Rxc2 34. Nxb5 Rc5 35. Nd4 Bf6 36. Nf5 Kf8 37. g4 g6 38. Ng3 Bh4 39. Ne2 gxh5 40. gxh5 d4 41. Nxd4 Rxh5 42. e4 Rc5 43. Nf5 Bg5 44. f4 Be7 45. Rd7 Bf6 46. Rd6 Rc1+ 47. Kg2 Rc2+ 48. Kf3 Be7 49. Rd7 Bf6 50. e5 Ke8 51. Rb7 Rc3+ 52. Ke4 Bd8 53. Nd6+ Kf8 54. Rxf7+ Kg8 55. Rb7 Bh4 56. Nf5 Bf2 57. e6 1-0

[Event "XIII Mediterranean Championship 2023"]
[Site "Castell-Platja d Aro"]
[Date "2023.11.05"]
[Round "3.6"]
[White "Rojano Alfonso, Carlos"]
[Black "Iermito, Sebastian"]
[Result "0-1"]
[ECO "A04"]
[WhiteElo "2207"]
[BlackElo "2521"]
[Annotator "RC"]
[PlyCount "46"]
[EventDate "2023.10.26"]
[EventType "swiss"]
[EventCountry "ESP"]
[SourceTitle "playchess.com"]
[Source "ChessBase"]
[SourceQuality "1"]
[TimeControl "5400+30"]

1. Nf3 c5 2. b3 Nc6 3. Bb2 d6 4. e3 e5 5. d3 g6 6. c4 Bg7 7. Nc3 Nge7 8. Qd2 h6 9. g3 O-O 10. O-O-O d5 11. cxd5 Nxd5 12. Nxd5 Qxd5 13. Bg2 a5 14. Ne1 Qd6 15. Bxc6 Qxc6 16. Nc2 a4 17. f4 axb3 18. axb3 Be6 19. fxe5 Bxb3 20. Qc3 Qe6 21. Kd2 b5 22. Rc1 Ra2 23. Na1 b4 0-1

[Event "XIII Mediterranean Championship 2023"]
[Site "Castell-Platja d Aro"]
[Date "2023.11.05"]
[Round "3.7"]
[White "Asis Gargatagli, Hipolito"]
[Black "Jimenez Ruano, Adrian"]
[Result "1-0"]
[ECO "B90"]
[WhiteElo "2511"]
[BlackElo "2281"]
[Annotator "RC"]
[PlyCount "109"]
[EventDate "2023.10.26"]
[EventType "swiss"]
[EventCountry "ESP"]
[SourceTitle "playchess.com"]
[Source "ChessBase"]
[SourceQuality "1"]
[TimeControl "5400+30"]

1. e4 c5 2. Nf3 d6 3. d4 cxd4 4. Nxd4 Nf6 5. Nc3 a6 6. f3 e5 7. Nb3 Be6 8. Be3 h5 9. Nd5 Nxd5 10. exd5 Bf5 11. Bd3 Bxd3 12. Qxd3 Be7 13. O-O-O Bg5 14. Kb1 Bxe3 15. Qxe3 O-O 16. g4 hxg4 17. fxg4 Nd7 18. h4 Qb6 19. Qf3 Rac8 20. Qf5 Nf6 21. g5 Nh5 22. Qf3 g6 23. Nd2 Qc7 24. c3 f5 25. gxf6 Rxf6 26. Qg4 Kh7 27. Rhg1 Rg8 28. Ne4 Rf4 29. Ng5+ Kh6 30. Qh3 Qb6 31. Qd7 Nf6 32. Qe7 Rg7 33. Nf7+ Kh7 34. Qf8 Ng8 35. Qxd6 Qxd6 36. Nxd6 Rd7 37. Nc8 Nf6 38. d6 Ne4 39. Rd5 Rf8 40. Rxe5 Nd2+ 41. Kc1 Rxc8 42. Kxd2 Rxd6+ 43. Kc2 Kh6 44. h5 gxh5 45. Rh1 Kg6 46. Rexh5 Rcc6 47. Rh6+ Kf5 48. Rxd6 Rxd6 49. Re1 Rb6 50. Re8 Rg6 51. a4 Rd6 52. Re7 b5 53. axb5 axb5 54. Rb7 Rd5 55. Kb3 1-0

[Event "XIII Mediterranean Championship 2023"]
[Site "Castell-Platja d Aro"]
[Date "2023.11.05"]
[Round "3.8"]
[White "Lever, Erwan"]
[Black "Garcia Ramos, Daniel"]
[Result "0-1"]
[ECO "E11"]
[WhiteElo "2184"]
[BlackElo "2455"]
[Annotator "RC"]
[PlyCount "94"]
[EventDate "2023.10.26"]
[EventType "swiss"]
[EventCountry "ESP"]
[SourceTitle "playchess.com"]
[Source "ChessBase"]
[SourceQuality "1"]
[TimeControl "5400+30"]

1. d4 Nf6 2. c4 e6 3. g3 Bb4+ 4. Bd2 Be7 5. Bg2 d5 6. Nf3 O-O 7. O-O c6 8. Qc2 Nbd7 9. Rd1 b6 10. b3 Bb7 11. Nc3 c5 12. cxd5 exd5 13. dxc5 Bxc5 14. Be1 Rc8 15. Qb2 Qe7 16. a3 Rfe8 17. Nd4 Qe5 18. e3 a6 19. Rac1 Bf8 20. b4 b5 21. a4 bxa4 22. Nxa4 Qb8 23. Nb3 Ba8 24. Qd4 Rc4 25. Rxc4 dxc4 26. Nbc5 Bxg2 27. Kxg2 Qa8+ 28. f3 Ne5 29. e4 Qc6 30. Bc3 h5 31. h3 Qb5 32. Qf2 Nd3 33. Nxd3 cxd3 34. Nc5 Nd5 35. exd5 Re2 36. Nxd3 Rxf2+ 37. Nxf2 Bd6 38. Rd2 f5 39. f4 h4 40. Rd3 hxg3 41. Kxg3 g5 42. Be5 Qxb4 43. Bxd6 Qxd6 44. Kg2 gxf4 45. Rd4 Qg6+ 46. Kf1 f3 47. Ng4 Qb6 0-1